 Dungeon Crawl Stone Soup version 0.27.1-2-g3b301248ec (webtiles) character file.

Game seed: 15341642651305648614

4936 barney the Transmogrifier (level 10, -23/78 HPs)
             Began as a Pale Draconian Transmuter on Sept 30, 2021.
             Was a Follower of Cheibriados.
             Blown up by an eye of devastation (34 damage)
             ... with a bolt of energy
             ... on level 9 of the Dungeon.
             The game lasted 00:29:08 (18919 turns).

barney the Transmogrifier (DrTm)                   Turns: 18919, Time: 00:29:09

Health: -23/78     AC:  9    Str: 23    XL:     10   Next: 27%
Magic:  14/14      EV: 13    Int: 19    God:    Cheibriados [*.....]
Gold:   1253       SH:  0    Dex: 14    Spells: 0/15 levels left

rFire    . . .     SeeInvis .   f - +1 dagger (drain)
rCold    + . .     Faith    .   (no shield)
rNeg     . . .     Spirit   .   (armour unavailable)
rPois    .         Reflect  .   (helmet restricted)
rElec    .         Harm     .   x - +1 cloak {rCorr}
rCorr    +         Rampage  .   (no gloves)
Will     .....                  (no boots)
Stlth    +.........             (no amulet)
HPRegen  0.23/turn              v - +6 ring of strength
MPRegen  0.14/turn              o - ring of protection from cold

@: short of breath, very slow
A: breathe steam, AC +7, unfitting armour, cold-blooded, steam resistance
a: Breathe Steam, Renounce Religion, Bend Time


You were on level 9 of the Dungeon.
You worshipped Cheibriados.
Cheibriados was aware of your devotion.
You visited 2 branches of the dungeon, and saw 10 of its levels.

You collected 1253 gold pieces.

Inventory:

Hand Weapons
 f - a +1 dagger of draining (weapon)
 h - a +0 dagger of freezing
 s - a +2 vorpal dagger
Missiles
 b - 214 stones
Armour
 x - a +1 cloak of preservation (worn)
Magical Staves
 d - a staff of poison
Jewellery
 c - a ring of magical power
 o - a ring of protection from cold (right hand)
 u - a ring of willpower
 v - a +6 ring of strength (left hand)
Wands
 a - a wand of iceblast (17)
 j - a wand of paralysis (17)
 k - a wand of digging (13)
Scrolls
 e - 5 scrolls of identify
 m - a scroll of enchant weapon
 t - 5 scrolls of magic mapping
Potions
 g - a potion of brilliance {unknown}
 i - a potion of resistance {unknown}
 p - a potion of flight {unknown}
 q - a potion of cancellation {unknown}


   Skills:
 + Level 3.7 Fighting
 + Level 3.4 Dodging
 * Level 7.9 Unarmed Combat
 - Level 3.0 Spellcasting
 + Level 1.4 Necromancy
 - Level 8.5 Transmutations
 - Level 5.0 Ice Magic
 - Level 1.4 Earth Magic
 - Level 1.4 Poison Magic
 + Level 3.1 Invocations
 - Level 6.0 Evocations


You couldn't memorise any spells.
You knew the following spells:

 Your Spells              Type           Power      Damage    Failure   Level
a - Ice Form              Ice/Tmut       28%        N/A       10%         4
b - Spider Form           Tmut/Pois      11%        N/A       6%          3
c - Beastly Appendage     Tmut           70%        N/A       1%          1
d - Wereblood             Tmut           35%        N/A       1%          2
e - Passwall              Tmut/Erth      18%        N/A       3%          2
f - Vampiric Draining     Necr           4%         2d6       26%         3

Your spell library contained the following spells:

 Spells                   Type           Power      Damage    Failure   Level
 Freeze                   Ice            84%        1d10      1%          1
 Frozen Ramparts          Ice            42%        1d6       6%          3
 Ensorcelled Hibernation  Hex/Ice        24%        N/A       9%          2
 Corona                   Hex            2%         N/A       16%         1
 Magic Dart               Conj           8%         1d3       16%         1
 Corpse Rot               Necr/Air       N/A        N/A       17%         2
 Poisonous Vapours        Pois/Air       10%        N/A       17%         2
 Slow                     Hex            2%         N/A       22%         2
 Confusing Touch          Hex            2%         N/A       41%         3
 Swiftness                Air            2%         N/A       41%         3
 Tukima's Dance           Hex            2%         N/A       41%         3
 Hailstorm                Conj/Ice       12%        3d5       47%         4
 Airstrike                Air            1%         N/A       83%         4
 Summon Lightning Spire   Summ/Air       2%         N/A       83%         4
 Freezing Cloud           Conj/Ice/Air   4%         6-21      91%         5
 Iskenderun's Battlesphe  Conj           2%         2d6       99%         5
 Lightning Bolt           Conj/Air       1%         1d12      99%         5
 Invisibility             Hex            1%         N/A       100%        6
 Iron Shot                Conj/Erth      2%         9d2       100%        6
 Spellforged Servitor     Conj/Summ      1%         N/A       100%        7


Dungeon Overview and Level Annotations

Branches:
Dungeon (9/15)             Temple (1/1) D:7
   Lair: D:8-11         Orc: D:9-12

Altars:
Ashenzari
Cheibriados
Dithmenos
Elyvilon
Fedhas
Gozag
Hepliaklqana
Kikubaaqudgha
Makhleb
Nemelex Xobeh
Qazlal
Ru
Sif Muna
Trog
Uskayaw
Vehumet
Wu Jian
Xom
Yredelemnul
Zin
The Shining One

Shops:
D:2 [


Innate Abilities, Weirdness & Mutations

You can breathe blasts of scalding, opaque steam.
Your pale cyan-grey scales are hard. (AC +7)
You cannot fit into any form of body armour.
You are cold-blooded and may be slowed by cold attacks.
You are immune to the effects of steam.


Message History

You have got your breath back.
Press: ? - help, Shift-Dir - straight line, f - cyclops
Aim: a cyclops, quivering large rocks (moderately wounded)
You exhale a blast of scalding steam.
Unknown command.
Unknown command.
The cyclops throws a large rock.
The large rock hits you!!!
The cyclops throws a large rock.
The large rock hits you!
* * * LOW HITPOINT WARNING * * *
Okay, then.
Okay, then.
Okay, then.
Aiming: Polymorph
Press: ? - help, Shift-Dir - straight line, f/p - cyclops
Aim: a cyclops, quivering large rocks (heavily wounded, will become an ettin, a floating eye, or a meliai, chance to affect: 47%)
The cyclops resists with some effort.
Aiming: Polymorph
Press: ? - help, Shift-Dir - straight line, f/p - cyclops
Aim: a cyclops, quivering large rocks (heavily wounded, will become an ettin, a floating eye, or a meliai, chance to affect: 47%)
The cyclops evaporates and reforms as an ettin!
The ettin hits you!
* * * LOW HITPOINT WARNING * * *
The ettin closely misses you.
Aiming: Polymorph
Press: ? - help, Shift-Dir - straight line, f/p - ettin
Aim: an ettin (moderately wounded, will become an ice dragon, a great orb of eyes, or an eye of devastation, chance to affect: 47%)
The ettin resists with some effort.
The ettin barely misses you. The ettin hits you but does no damage.
Aiming: Polymorph
Press: ? - help, Shift-Dir - straight line, f/p - ettin
Aim: an ettin (moderately wounded, will become an ice dragon, a great orb of eyes, or an eye of devastation, chance to affect: 47%)
The ettin evaporates and reforms as an eye of devastation!
Aiming: Polymorph
Press: ? - help, Shift-Dir - straight line, f/p - eye of devastation
Aim: an eye of devastation (lightly wounded, will become a shining eye, a moth of wrath, or a glowing orange brain, chance to affect: 6%)
The eye of devastation resists with almost no effort.
The now-empty wand crumbles to dust.
The eye of devastation gazes at you. The bolt of energy hits you!!
You die...

≈≈≈≈###..........................
≈≈≈≈≈....########################
≈≈≈≈≈............................
≈≈≈≈###..........................
#≈≈#...#.........................
#≈≈#.⌠.#.#########...#####....#†.
#≈≈#...#.........#..<# #....#..
≈..≈###..........G...# #....#..
................@#§.§# #....#..
##..+#####....#..##### ##...##..
#....#.......#..... #....####
#....#.......#...... #........
#....#.......#....... #....#.##
#....#+########+##### #+####...
#..... #.## #...... #..# #..#


You could see an eye of devastation.

Vanquished Creatures
  Pikel (D:8)
  Maurice (D:9)
  A troll (D:9)
  Sigmund (D:6)
  4 wyverns
  A shadow (D:9)
  A steam dragon (D:8)
  A water moccasin (D:6)
  2 orc warriors
  2 ice beasts
  2 centaurs
  2 necrophages
  A lemure (D:8)
  A phantom (D:6)
  A kobold brigand (D:7)
  2 bullfrogs
  A gnoll sergeant (D:7)
  5 scorpions
  A water moccasin zombie (D:5)
  3 killer bees (D:9)
  3 howler monkeys
  4 wights (D:9)
  An electric eel (D:9)
  3 hounds
  A jelly (D:6)
  A bullfrog zombie (D:6)
  Crazy Yiuf (D:3)
  5 iguanas
  Natasha (thrice) (D:4)
  10 orc wizards
  A killer bee zombie (D:7)
  Robin (D:3)
  5 gnolls (D:7)
  9 adders
  2 shadow imps
  2 white imps (D:6)
  3 worms
  7 dart slugs
  14 orcs
  4 endoplasms
  2 giant cockroaches
  13 goblins
  9 hobgoblins
  7 quokkas
  7 ball pythons
  12 frilled lizards
  14 kobolds
  4 rats
182 creatures vanquished.

Vanquished Creatures (others)
  A wizard (D:9)
  7 plants (D:1)
  4 toadstools (D:1)
12 creatures vanquished.

Grand Total: 194 creatures vanquished

Notes
Turn   | Place    | Note
-------+----------+-------------------------------------------
     0 | D:1      | barney the Draconian Transmuter began the quest for the
                  | Orb.
     0 | D:1      | Reached XP level 1. HP: 16/16 MP: 3/3
   110 | D:1      | Reached XP level 2. HP: 12/23 MP: 3/5
   301 | D:1      | Reached skill level 3 in Transmutations
  1084 | D:1      | Reached XP level 3. HP: 26/28 MP: 6/6
  1717 | D:1      | Found a faded altar of an unknown god.
  2218 | D:2      | Reached skill level 4 in Transmutations
  2664 | D:2      | Found Efiad's Armour Shop.
  2705 | D:2      | Reached XP level 4. HP: 19/35 MP: 7/7
  3104 | D:2      | Learned a level 3 spell: Spider Form
  3111 | D:2      | Learned a level 4 spell: Ice Form
  3624 | D:3      | Found a runed translucent door.
  3625 | D:3      | Noticed Crazy Yiuf
  3710 | D:3      | Noticed Robin
  3718 | D:3      | Reached skill level 1 in Ice Magic
  3729 | D:3      | Killed Robin
  3981 | D:3      | Found an ancient bone altar of Kikubaaqudgha.
  3992 | D:3      | Reached XP level 5. HP: 23/40 MP: 8/8
  4225 | D:3      | Found a radiant altar of Vehumet.
  4234 | D:3      | Reached skill level 5 in Transmutations
  4675 | D:3      | Got Vehumet's Reference Book on Arcane Weapons
  4686 | D:3      | Learned a level 1 spell: Beastly Appendage
  4690 | D:3      | Found a shimmering blue altar of Sif Muna.
  4696 | D:3      | Reached XP level 6. HP: 47/47 MP: 9/9
  5123 | D:3      | Killed Crazy Yiuf
  5428 | D:4      | Gained mutation: You are dopey. (Int -2) [potion of
                  | mutation]
  5428 | D:4      | Lost mutation: You are dopey. (Int -2) [potion of mutation]
  5442 | D:4      | Reached skill level 6 in Transmutations
  5727 | D:4      | Noticed Natasha
  5734 | D:4      | Killed Natasha
  5735 | D:4      | Your scales start taking on a pale cyan-grey colour.
  5735 | D:4      | Reached XP level 7. HP: 31/52 MP: 10/10
  5735 | D:4      | Gained mutation: You are immune to the effects of steam.
                  | [Pale Draconian growth]
  5784 | D:4      | Noticed Natasha
  5798 | D:4      | Killed Natasha
  6009 | D:4      | Identified a scroll of acquirement
  6009 | D:4      | Acquired 615 gold pieces
  6182 | D:4      | Learned a level 2 spell: Wereblood
  6305 | D:4      | Reached skill level 1 in Evocations
  6386 | D:4      | Noticed Natasha
  6392 | D:4      | Killed Natasha
  6418 | D:5      | Entered Level 5 of the Dungeon
  7535 | D:6      | Reached skill level 7 in Transmutations
  7585 | D:6      | Noticed Sigmund
  7591 | D:6      | Reached XP level 8. HP: 49/59 MP: 11/11
  7663 | D:6      | Killed Sigmund
  8869 | D:6      | Reached skill level 5 in Unarmed Combat
  9079 | D:6      | Found a white marble altar of Elyvilon.
  9086 | D:6      | Found a stormy altar of Qazlal.
  9091 | D:6      | Found a hide-covered altar of Uskayaw.
  9100 | D:6      | Found a sparkling altar of Nemelex Xobeh.
  9107 | D:6      | Found a broken altar of Ashenzari.
  9118 | D:6      | Found a glowing golden altar of the Shining One.
  9125 | D:6      | Found an ornate altar of the Wu Jian Council.
  9489 | D:6      | Reached skill level 8 in Transmutations
 10639 | D:6      | Reached skill level 5 in Evocations
 11107 | D:6      | Reached XP level 9. HP: 64/64 MP: 12/12
 11110 | D:6      | Learned a level 2 spell: Passwall
 12433 | D:7      | Found a staircase to the Ecumenical Temple.
 12446 | Temple   | Entered the Ecumenical Temple
 13058 | Temple   | Became a worshipper of Cheibriados the Contemplative
 13799 | D:8      | Noticed Pikel
 13812 | D:8      | Killed Pikel
 13813 | D:8      | Reached skill level 1 in Earth Magic
 13813 | D:8      | Reached skill level 1 in Poison Magic
 13813 | D:8      | Reached skill level 1 in Invocations
 14812 | D:9      | Noticed a wizard
 14821 | D:9      | Killed a wizard
 15744 | D:9      | Reached * piety under Cheibriados
 15745 | D:9      | Reached XP level 10. HP: 72/77 MP: 14/14
 15753 | D:9      | Learned a level 3 spell: Vampiric Draining
 15951 | D:9      | Reached skill level 5 in Ice Magic
 17262 | D:9      | Found a bloodstained altar of Trog.
 17342 | D:9      | Noticed Maurice
 17357 | D:9      | Killed Maurice
 17358 | D:9      | Reached skill level 1 in Necromancy
 18612 | D:9      | Noticed a manticore
 18615 | D:9      | Noticed a cyclops
 18916 | D:9      | Noticed an ettin
 18916 | D:9      | a cyclops changed into an ettin
 18918 | D:9      | Noticed an eye of devastation
 18918 | D:9      | an ettin changed into an eye of devastation
 18919 | D:9      | Blown up by an eye of devastation

Illustrated notes

Levels and vault maps discovered:
D:1:      ldierk_water_garden, layout_loops_ring,
          hellmonk_ecumenical_altar_inner_sanctum, minmay_lizard_king
D:2:      layout_loops_cross, serial_shops, shop
D:3:      layout_basic, palyth_temple_overflow_mages, st_stairs_4,
          minmay_increasing_density, uniq_crazy_yiuf_cottage, uniq_robin
D:4:      layout_cave_pools, minmay_misc_feat_columns, uniq_natasha
D:5:      layout_loops_cross
D:6:      layout_layer_cave, grunt_temple_overflow_octagram, uniq_sigmund
D:7:      layout_rooms, minmay_temple_entry_statues_pillars
D:8:      layout_loops_ring, kennysheep_small_spiral,
          minmay_misc_feat_secret_circle, uniq_pikel
D:9:      minmay_tri_box, layout_grid_maze, amcnicky_altar_gilded,
          lair_entry_dummy, fountainhead, uniq_maurice
Temple:   chequers_temple_sunken

Skill      XL: |  1  2  3  4  5  6  7  8  9 10 |
---------------+-------------------------------+-----
Transmutations | 3 4 5 6 7 8 |  8.5
Ice Magic      | 1 2 4 5 |  5.0
Evocations     | 3 5 6 |  6.0
Unarmed Combat | 4 5 7 |  7.9
Dodging        | 3 |  3.4
Fighting       | 3 |  3.7
Earth Magic    | 1 |  1.4
Poison Magic   | 1 |  1.4
Invocations    | 2 3 |  3.1
Spellcasting   | 3 |  3.0
Necromancy     | 1 |  1.4

Action                   |  1- 3 |  4- 6 |  7- 9 | 10-12 || total
-------------------------+-------+-------+-------+-------++-------
Melee: Unarmed           |    66 |    79 |    43 |    21 ||   209
       Kick              |    14 |     6 |    37 |     1 ||    58
       Headbutt          |    15 |     1 |    16 |       ||    32
       Tailslap          |    11 |     4 |    16 |     1 ||    32
       Dagger            |    58 |    14 |    58 |     8 ||   138
       Staff             |       |     5 |       |       ||     5
       Quarterstaff      |       |    42 |   148 |       ||   190
       Punch             |       |       |     2 |       ||     2
 Cast: Beastly Appendage |    24 |     7 |    41 |     1 ||    73
       Spider Form       |       |    13 |     7 |     3 ||    23
       Ice Form          |       |       |     5 |     1 ||     6
       Wereblood         |       |       |     2 |       ||     2
 Abil: Breathe Steam     |       |       |    24 |     9 ||    33
Evoke: Wand              |       |       |       |     5 ||     5
  Use: Scroll            |       |     3 |    13 |     2 ||    18
       Potion            |       |     6 |     7 |       ||    13
 Stab: Sleeping          |     1 |       |     1 |       ||     2
Armor: Skin              |    30 |    34 |   111 |    12 ||   187
Dodge: Dodged            |    56 |   121 |   217 |    35 ||   429
